 Dungeon Crawl Stone Soup version 0.21.1-1-g345015f (webtiles) character file.

27897 graki42 the Thaumaturge (level 13, -22/74 HPs)
             Began as a Deep Elf Fire Elementalist on Apr 2, 2018.
             Was a Priest of Vehumet.
             Annihilated by a black mamba (40 damage)
             ... on level 6 of the Lair of Beasts on Apr 4, 2018.
             The game lasted 00:56:01 (14355 turns).

graki42 the Thaumaturge (DEFE)                     Turns: 14355, Time: 00:56:02

Health: -22/74     AC:  7    Str:  8    XL:     13   Next: 6%
Magic:  9/31       EV: 15    Int: 23    God:    Vehumet [***...]
Gold:   766        SH:  0    Dex: 15    Spells: 15/36 levels left

rFire    + . .     SeeInvis .   E - staff of conjuration
rCold    x . .     Gourm    .   v - +3 buckler
rNeg     . . .     Faith    .   a - +0 robe
rPois    +         Spirit   .   (no helmet)
rElec    .         Reflect  .   h - +0 cloak
rCorr    .         Harm     .   b - +0 pair of gloves
MR       +....                  g - +2 pair of boots {run}
Stlth    +++.......             (no amulet)
HPRegen  0.22/turn              x - ring of poison resistance
MPRegen  0.22/turn              s - ring of fire

@: about to teleport, sleeping, quick
A: no striking features
a: Renounce Religion


You were on level 6 of the Lair of Beasts.
You worshipped Vehumet.
Vehumet was most pleased with you.
You were not hungry.

You visited 3 branches of the dungeon, and saw 17 of its levels.

You collected 766 gold pieces.

Inventory:

Missiles
 m - 3 throwing nets (quivered)
Armour
 a - a +0 robe (worn)
 b - a +0 pair of gloves (worn)
 g - a +2 pair of boots of running (worn)
 h - a +0 cloak (worn)
 v - a +3 buckler (worn)
Magical Staves
 E - an uncursed staff of conjuration (weapon)
Jewellery
 k - an uncursed amulet of faith
 p - an uncursed ring of positive energy
 r - an uncursed ring of protection from fire
 s - a ring of fire (right hand)
 x - a ring of poison resistance (left hand)
Wands
 w - a wand of digging (28)
Scrolls
 e - 5 scrolls of teleportation
 q - 9 scrolls of remove curse
 t - 2 scrolls of enchant armour
 y - a scroll of fog
 z - 2 scrolls of immolation
 C - a scroll of identify
Potions
 d - 2 potions of lignification
 i - 2 potions of flight
 j - 2 potions of brilliance
 o - 4 potions of curing
 u - a potion of magic
 B - a potion of invisibility
 P - a potion of haste
Books
 f - a book of Power

   Spells                             Type                      Level
   a - Iskenderun's Battlesphere      Conjuration/Charms           5
   b - Venom Bolt                     Conjuration/Poison           5
   c - Bolt of Magma                  Conjuration/Fire/Earth       5
   d - Iron Shot                      Conjuration/Earth            6
   e - Orb of Destruction             Conjuration                  7
   f - Spellforged Servitor           Conjuration/Summoning        7
Miscellaneous
 n - a box of beasts
Comestibles
 c - 22 rations
 l - 3 chunks of flesh


   Skills:
 + Level 6.0 Fighting
 + Level 5.8 Dodging
 + Level 5.5 Stealth
 + Level 6.3 Shields
 + Level 12.1 Spellcasting
 + Level 10.7 Conjurations
 + Level 0.5 Hexes
 + Level 11.5 Fire Magic
 + Level 8.6 Earth Magic
 + Level 5.9 Evocations


You had 15 spell levels left.
You knew the following spells:

 Your Spells              Type           Power        Failure   Level  Hunger
a - Flame Tongue          Conj/Fire      #####        1%          1    None
b - Conjure Flame         Conj/Fire      #######.     1%          3    None
c - Inner Flame           Hex/Fire       ######..     1%          3    None
d - Sticky Flame          Conj/Fire      #######.     1%          4    None
e - Fireball              Conj/Fire      #######...   1%          5    ####...
f - Bolt of Magma         Conj/Fire/Erth #######...   1%          5    ####...


Dungeon Overview and Level Annotations

Branches:
Dungeon (10/15)            Temple (1/1) D:6            Lair (6/6) D:9
  Swamp (0/4) Lair:2       Spider (0/4) Lair:3        Slime (0/5) Lair:5
    Orc: D:9-12

Altars:
Ashenzari
Cheibriados
Dithmenos
Elyvilon
Fedhas
Gozag
Hepliaklqana
Kikubaaqudgha
Makhleb
Nemelex Xobeh
Okawaru
Qazlal
Ru
Sif Muna
Trog
Uskayaw
Vehumet
Wu Jian
Xom
Yredelemnul
Zin
The Shining One
Jiyva

Annotations:
D:4 Lucio's ghost, amateur GrNe
D:8 exclusion: statue, Totori's ghost, novice MfFi
Lair:5 1 runed door


Message History

The yak barely misses you.
The dream sheep bites you but does no damage.
The black mamba bites you. You block the dream sheep's attack.
You climb downwards.
A crocodile, a hydra and 2 spiny frogs come into view.
Found 21 gold pieces and a scroll of magic mapping.
There is a stone staircase leading up here.
As you read the scroll of teleportation, it crumbles to dust.
You feel strangely unstable. The black mamba closely misses you.
You block the dream sheep's attack. The dream sheep bites you!
* * * LOW HITPOINT WARNING * * *
The dream sheep barely misses you.
Unknown command.
The black mamba barely misses you. The dream sheep barely misses you.
The dream sheep ruffle their wool and motes of dream dust sparkle, to no effect.
The dream sheep shake their wool and sparkle.
You feel drowsy...
You fall asleep.
The black mamba bites you!!!
Ouch! That really hurt!
You die...

..P......#P.#...
..P.F.....F.#....
.................
.................
.................
.......D........)
#.....YY........
#......Y.t.......
#.......S@....$..
#..P#............
##. #............
# ##...........
#.......?...
#....##.....
##..#. ....# ###
# ....#


You could see a seven-headed hydra, a black mamba, 2 spiny frogs, a crocodile
and 3 dream sheep.

Vanquished Creatures
  4 hydras
  A catoblepas (Lair:3)
  3 two-headed ogres (D:9)
  Sonja (Lair:4)
  A lindwurm (Lair:3)
  Pikel (D:4)
  6 elephants (Lair:4)
  3 black mambas
  4 spiny frogs
  A torpor snail (Lair:2)
  A rime drake (Lair:4)
  4 komodo dragons
  3 polar bears
  12 blink frogs
  3 hippogriffs
  13 dream sheep
  A wyvern (Lair:4)
  A basilisk (Lair:4)
  20 yaks
  Menkaure (D:4)
  10 water moccasins
  8 porcupines
  An ice beast (D:6)
  2 slaves
  An orc warrior (D:8)
  A black bear (Lair:3)
  2 ogres
  A phantom (D:10)
  5 wolves (Lair:1)
  2 centaurs
  8 crocodiles
  A big kobold (D:10)
  10 bullfrogs
  A gnoll sergeant (D:10)
  2 scorpions
  A wyvern skeleton (D:7)
  3 electric eels (Lair:2)
  2 howler monkeys (D:7)
  2 jellies
  A bullfrog skeleton (D:4)
  A gnoll shaman (D:6)
  A centaur skeleton (D:6)
  3 hounds
  3 orc wizards (D:8)
  4 iguanas
  2 hell rats (Lair:5)
  3 worker ants
  A killer bee zombie (D:7)
  A worker ant zombie (D:5)
  A howler monkey zombie (D:8)
  8 adders
  7 gnolls
  9 river rats (Lair:5)
  4 shadow imps
  3 oozes
  An adder zombie (D:8)
  3 worms (D:2)
  A dart slug (D:2)
  10 leopard geckos
  24 orcs
  A ball python (D:2)
  6 bats
  4 giant cockroaches
  12 hobgoblins
  6 jackals
  4 frilled lizards
  9 goblins
  8 kobolds
  2 leopard gecko skeletons
  A leopard gecko zombie (D:9)
  A quokka zombie (D:5)
  6 rats
  A fungus (Lair:3)
  A plant (Lair:4)
300 creatures vanquished.

Vanquished Creatures (others)
  A worm (D:4)
  A bush (Lair:5)
  7 fungi
  3 plants
12 creatures vanquished.

Grand Total: 312 creatures vanquished

Notes
Turn   | Place    | Note
-------+----------+-------------------------------------------
     0 | D:1      | graki42 the Deep Elf Fire Elementalist began the quest for the Orb.
     0 | D:1      | Reached XP level 1. HP: 10/10 MP: 6/6
   158 | D:1      | Reached XP level 2. HP: 15/15 MP: 5/8
   800 | D:2      | Reached XP level 3. HP: 19/19 MP: 7/9
   918 | D:2      | Found a shattered altar of Ashenzari.
  1024 | D:2      | Learned a level 3 spell: Conjure Flame
  1105 | D:2      | Learned a level 3 spell: Inner Flame
  1156 | D:2      | Reached XP level 4. HP: 14/24 MP: 4/11
  1434 | D:2      | Reached skill level 1 in Evocations
  2306 | D:3      | Reached skill level 4 in Spellcasting
  2416 | D:3      | Reached XP level 5. HP: 28/28 MP: 9/13
  2422 | D:3      | Learned a level 4 spell: Sticky Flame
  2469 | D:4      | Noticed a slave
  2469 | D:4      | Noticed a slave
  2471 | D:4      | Noticed a slave
  2488 | D:3      | Killed a slave
  2587 | D:4      | Noticed Lucio's ghost (amateur GrNe)
  2732 | D:4      | Noticed Menkaure
  2740 | D:4      | Killed Menkaure
  2740 | D:4      | Reached XP level 6. HP: 22/33 MP: 2/15
  3066 | D:4      | Noticed Pikel
  3066 | D:4      | Noticed a slave
  3087 | D:4      | Killed a slave
  3088 | D:4      | Killed Pikel
  3088 | D:4      | Reached skill level 6 in Spellcasting
  3088 | D:4      | Reached skill level 5 in Fire Magic
  3088 | D:4      | Reached XP level 7. HP: 37/37 MP: 4/18
  3238 | D:4      | Found a deep blue altar of Sif Muna.
  3239 | D:4      | Found a basalt altar of Yredelemnul.
  3585 | D:5      | Entered Level 5 of the Dungeon
  3608 | D:5      | Reached skill level 5 in Fighting
  3608 | D:5      | Reached skill level 5 in Shields
  3608 | D:5      | Reached XP level 8. HP: 51/51 MP: 19/19
  3801 | D:5      | Found a glowing golden altar of the Shining One.
  3808 | D:5      | Found a white marble altar of Elyvilon.
  3864 | D:5      | Found an ornate altar of the Wu Jian Council.
  3868 | D:5      | Found a shadowy altar of Dithmenos.
  3964 | D:5      | Learned a level 5 spell: Fireball
  4227 | D:6      | Found a staircase to the Ecumenical Temple.
  4239 | Temple   | Entered the Ecumenical Temple
  4464 | D:6      | Reached XP level 9. HP: 55/55 MP: 15/20
  6138 | D:8      | Reached skill level 5 in Conjurations
  6300 | D:8      | Noticed Totori's ghost (novice MfFi)
  6590 | D:8      | Found a burning altar of Makhleb.
  6636 | D:8      | You fall through a shaft for 2 floors!
  6636 | D:10     | Entered Level 10 of the Dungeon
  6921 | D:10     | Reached skill level 7 in Spellcasting
  7211 | D:8      | Found a radiant altar of Vehumet.
  7239 | D:8      | Became a worshipper of Vehumet
  7517 | D:9      | Noticed a two-headed ogre
  7600 | D:9      | Killed a two-headed ogre
  7600 | D:9      | Reached skill level 5 in Evocations
  7600 | D:9      | Reached XP level 10. HP: 53/60 MP: 16/23
  7633 | D:9      | Found a bloodstained altar of Trog.
  7810 | D:9      | Reached skill level 8 in Spellcasting
  7848 | D:9      | Noticed a two-headed ogre
  7856 | D:9      | Killed a two-headed ogre
  7958 | D:9      | Found a staircase to the Lair.
  7992 | D:9      | Noticed a two-headed ogre
  8002 | D:9      | Killed a two-headed ogre
  8149 | Lair:1   | Entered Level 1 of the Lair of Beasts
  8653 | Lair:1   | Reached * piety under Vehumet
  8653 | Lair:1   | Offered knowledge of Magic Dart by Vehumet.
  8656 | Lair:1   | Reached XP level 11. HP: 64/64 MP: 11/25
  9151 | Lair:1   | Reached skill level 5 in Dodging
  9390 | Lair:1   | Reached skill level 9 in Spellcasting
  9530 | Lair:2   | Noticed an eight-headed hydra
  9534 | Lair:2   | Killed an eight-headed hydra
  9534 | Lair:2   | Reached skill level 5 in Stealth
  9601 | Lair:2   | Noticed a six-headed hydra
  9604 | Lair:2   | Killed a six-headed hydra
  9864 | Lair:2   | Found a staircase to the Swamp.
 10116 | Lair:2   | Learned a level 5 spell: Bolt of Magma
 10261 | Lair:2   | Reached skill level 10 in Spellcasting
 10273 | Lair:2   | Reached ** piety under Vehumet
 10273 | Lair:2   | Offered knowledge of Shock by Vehumet.
 10410 | Lair:2   | Reached skill level 10 in Fire Magic
 10600 | Lair:2   | Noticed an eight-headed hydra
 10606 | Lair:2   | Killed an eight-headed hydra
 10606 | Lair:2   | Reached XP level 12. HP: 51/70 MP: 17/28
 11070 | Lair:3   | Found a hole to the Spider Nest.
 11153 | Lair:3   | Noticed a catoblepas
 11167 | Lair:3   | Killed a catoblepas
 11305 | Lair:3   | Identified a +2 pair of boots of running (You found it on level 3 of the Lair of Beasts)
 11644 | Lair:3   | Reached skill level 11 in Spellcasting
 12135 | Lair:4   | Reached skill level 10 in Conjurations
 12549 | Lair:4   | Noticed Sonja
 12552 | Lair:4   | Killed Sonja
 12839 | Lair:4   | Offered knowledge of Stone Arrow by Vehumet.
 13370 | Lair:4   | Noticed a four-headed hydra
 13375 | Lair:4   | Killed a four-headed hydra
 13995 | Lair:5   | Reached *** piety under Vehumet
 14182 | Lair:5   | Found a runed door.
 14183 | Lair:5   | Found a viscous altar of Jiyva.
 14206 | Lair:5   | Found a staircase to the Slime Pits.
 14338 | Lair:5   | Reached skill level 12 in Spellcasting
 14338 | Lair:5   | Reached XP level 13. HP: 74/74 MP: 22/31
 14348 | Lair:5   | Offered knowledge of Iskenderun's Mystic Blast by Vehumet.
 14352 | Lair:6   | Entered Level 6 of the Lair of Beasts
 14355 | Lair:6   | Annihilated by a black mamba

Skill      XL: |  1  2  3  4  5  6  7  8  9 10 11 12 |
---------------+-------------------------------------+-----
Dodging        | 3 4 5 |  5.8
Fire Magic     | 4 5 6 8 10 11 | 11.5
Evocations     | 1 2 3 4 5 |  5.9
Spellcasting   | 4 6 7 8 10 12 | 12.1
Stealth        | 3 4 5 |  5.5
Conjurations   | 2 3 4 6 7 9 10 | 10.7
Fighting       | 5 6 |  6.0
Shields        | 5 6 |  6.3
Earth Magic    | 7 8 |  8.6
Hexes          | |  0.5

Action                   |  1- 3 |  4- 6 |  7- 9 | 10-12 | 13-15 || total
-------------------------+-------+-------+-------+-------+-------++-------
Melee: Unarmed           |     2 |       |       |       |       ||     2
       Staff             |    29 |       |       |       |       ||    29
 Cast: Flame Tongue      |    68 |    94 |   145 |    65 |       ||   372
       Conjure Flame     |       |     6 |     2 |     4 |       ||    12
       Sticky Flame      |       |     3 |    20 |    38 |       ||    61
       Inner Flame       |       |     2 |     2 |       |       ||     4
       Fireball          |       |       |     8 |    60 |     5 ||    73
       Bolt of Magma     |       |       |       |    51 |       ||    51
Evoke: Wand              |       |       |       |     1 |       ||     1
  Use: Potion            |     1 |       |     1 |     5 |       ||     7
       Scroll            |       |       |    14 |    11 |     1 ||    26
  Eat: Chunk             |     1 |     6 |    19 |    24 |       ||    50
       Ration            |       |       |       |     5 |       ||     5
Armor: Robe              |    25 |     6 |    11 |    18 |     2 ||    62
       Skin              |     3 |       |       |       |       ||     3
Dodge: Dodged            |    78 |    21 |    32 |    82 |    10 ||   223
Block: Buckler           |       |     3 |    23 |    37 |     3 ||    66
